 Dungeon Crawl Stone Soup version 0.19.1-1-g22dce08 (webtiles) character file.

114 Megalobster the Conjurer (level 4, 0/24 HPs)
             Began as a Deep Elf Conjurer on Jan 15, 2017.
             Slain by an adder (2 damage)
             ... on level 3 of the Dungeon.
             The game lasted 00:08:38 (2586 turns).

Megalobster the Conjurer (Deep Elf Conjurer)        Turns: 2586, Time: 00:08:39

Health: 0/24       AC:  4    Str:  5    XL:     4   Next: 66%
Magic:  0/12       EV: 13    Int: 21    God:
Gold:   75         SH:  0    Dex: 19    Spells: 3 memorised, 6 levels left

rFire  . . .     SeeInvis .     f - +1 short sword (speed)
rCold  + . .     Gourm    .     v - +0 robe
rNeg   . . .     Faith    .     (no shield)
rPois  .         Spirit   .     x - +0 helmet
rElec  .         Reflect  .     (no cloak)
rCorr  .         Harm     .     d - +0 pair of gloves
MR     .....                    (no boots)
Stlth  ++........               (no amulet)
                                a - +4 ring of dexterity
                                r - ring of protection from cold

@: lethally poisoned (0 -> -7), very slightly contaminated
A: no striking features
a: no special abilities


You were on level 3 of the Dungeon.
You were not hungry.

You visited 1 branch of the dungeon, and saw 3 of its levels.

You collected 75 gold pieces.

Inventory:

Hand Weapons
 f - a +1 short sword of speed (weapon)
 h - a +1 dagger of venom
 u - a +2 dagger of venom
Armour
 d - a +0 pair of gloves (worn)
 v - a +0 robe (worn)
 x - a +0 helmet (worn)
Jewellery
 a - a +4 ring of dexterity (right hand)
 r - a ring of protection from cold (left hand)
Scrolls
 i - 2 scrolls of identify {unknown}
 l - 2 scrolls of fog {unknown}
 n - 2 scrolls of teleportation {unknown}
 p - a scroll of enchant armour {unknown}
 w - a scroll of remove curse {unknown}
Potions
 j - a potion of heal wounds {unknown}
 m - a potion of berserk rage {unknown}
 o - 4 potions of lignification {unknown}
 t - a potion of degeneration {unknown}
Books
 b - a book of Conjurations

   Spells                             Type                      Level
   a - Magic Dart                     Conjuration                  1
   b - Searing Ray                    Conjuration                  2
   c - Dazzling Spray                 Conjuration/Hexes            3
   d - Fulminant Prism                Conjuration/Hexes            4
   e - Iskenderun's Mystic Blast      Conjuration                  4
   f - Iskenderun's Battlesphere      Conjuration/Charms           5
Comestibles
 c - 3 bread rations
 g - 4 chunks of flesh
 q - a beef jerky


   Skills:
 - Level 2.4 Dodging
 - Level 2.4 Stealth
 + Level 4.5 Spellcasting
 * Level 6.0 Conjurations


You had 6 spell levels left.
You knew the following spells:

 Your Spells              Type           Power        Failure   Level  Hunger
a - Magic Dart            Conj           ####         1%          1    None
b - Searing Ray           Conj           ####..       1%          2    #......
c - Dazzling Spray        Conj/Hex       ###...       12%         3    ##.....


Dungeon Overview and Level Annotations

Branches:
Dungeon (3/15)

Altars:

Portals:
Sewer: D:3


Message History

You hit the adder.
You kill the adder!
Your Conjurations skill increases to level 6!
The adder misses you.
Casting: Dazzling Spray
Confirm with . or Enter, or press ? or * to list all spells.
Aiming: Searing Ray
Press: ? - help, Shift-Dir - straight line, f - adder
Aim: an adder The searing ray misses the adder.
* * * LOW HITPOINT WARNING * * *
You feel sick. The adder closely misses you. The adder barely misses you.
The searing ray hits the adder.
The adder is heavily wounded.
* * * LOW HITPOINT WARNING * * *
You feel sick. The adder bites you.
* * * LOW HITPOINT WARNING * * *
Without enough magic to sustain it, your searing ray dissipates.
The adder bites you.
You die...

..# #... #.#
#####....# #.#
#........# #.#
#.#####..# ..#
#.#≈≈≈#..#
##########.#≈≈≈#..#
...........#≈∩≈#..#
##########.#≈≈≈#..#
#.#≈≈≈#@.#
#.##'##S†#
#........#
#.###....#
#.....#### #.#####
#.# #.# #.#


You could see an adder.

Vanquished Creatures
  3 adders
  An ooze (D:2)
  5 worms (D:2)
  4 dart slugs
  A leopard gecko (D:2)
  An orc (D:3)
  2 giant cockroaches
  14 goblins
  7 hobgoblins
  2 jackals (D:2)
  A quokka (D:2)
  7 bats
  2 frilled lizards
  4 kobolds
  2 rats
56 creatures vanquished.

Notes
Turn   | Place    | Note
-------+----------+-------------------------------------------
     0 | D:1      | Megalobster the Deep Elf Conjurer began the quest for the Orb.
     0 | D:1      | Reached XP level 1. HP: 10/10 MP: 6/6
   374 | D:1      | Reached XP level 2. HP: 15/15 MP: 6/8
   606 | D:1      | Learned a level 2 spell: Searing Ray
   908 | D:1      | Reached skill level 5 in Conjurations
  1155 | D:2      | Reached XP level 3. HP: 19/19 MP: 5/10
  1576 | D:2      | Reached XP level 4. HP: 24/24 MP: 9/12
  1584 | D:2      | Learned a level 3 spell: Dazzling Spray
  2554 | D:3      | Found a glowing drain.
  2583 | D:3      | Reached skill level 6 in Conjurations
  2586 | D:3      | Slain by an adder

Skill      XL: |  1  2  3  4 |
---------------+-------------+-----
Conjurations   | 5 6 |  6.0
Spellcasting   | 4 |  4.5
Dodging        | |  2.4
Stealth        | |  2.4

Action                   |  1- 3 |  4- 6 || total
-------------------------+-------+-------++-------
Melee: Short sword       |       |     2 ||     2
 Cast: Magic Dart        |    57 |    44 ||   101
       Searing Ray       |     5 |     3 ||     8
       Dazzling Spray    |       |     2 ||     2
 Stab: Invisible         |       |     1 ||     1
  Eat: Chunk             |     2 |     1 ||     3
       Royal jelly       |       |     1 ||     1
Armor: Robe              |     1 |     2 ||     3
Dodge: Dodged            |     8 |    14 ||    22
